 Dungeon Crawl Stone Soup version 0.18-a0-1778-gadce9fa (webtiles) character file.

184 Lovchig the Insei (level 5, -1/41 HPs)
             Began as a Vampire Monk on Apr 16, 2016.
             Slain by Jano's ghost (7 damage)
             ... on level 4 of the Dungeon.
             The game lasted 01:01:18 (2671 turns).

Lovchig the Insei (Vampire Monk)                    Turns: 2671, Time: 01:01:18

Health: -1/41      AC: 11    Str: 10    XL:     5   Next: 36%
Magic:  5/5        EV:  5    Int: 12    God:
Gold:   151        SH:  0    Dex: 18    Spells: 0 memorised, 4 levels left

rFire  . . .     SeeInvis +       - Unarmed
rCold  . . .     Gourm    .     c - +0 chain mail
rNeg   + . .     Faith    .     (no shield)
rPois  .         Spirit   .     o - +0 helmet
rElec  .         Dismiss  .     (no cloak)
rCorr  .         Reflect  .     h - +1 pair of gloves
SustAt .         Harm     .     (no boots)
MR     .....                    (no amulet)
Stlth  ..........               (no ring)
                                (no ring)

@: lethally poisoned (-1 -> -5), not resistant to hostile enchantments,
extremely unstealthy
A: fangs 3, see invisible, unbreathing
a: Bat Form


You were on level 4 of the Dungeon.
You were not thirsty.

You visited 1 branch of the dungeon, and saw 4 of its levels.

You collected 151 gold pieces.

Inventory:

Armour
 a - a +0 robe
 c - a +0 chain mail (worn)
 h - a +1 pair of gloves (worn)
 k - a +0 ring mail
 l - a cursed +0 robe
 o - a +0 helmet (worn)
Scrolls
 d - 2 scrolls of enchant weapon {unknown}
 e - 4 scrolls of identify {unknown}
 f - a scroll of fear {unknown}
 m - a scroll of amnesia {unknown}
 n - a scroll of magic mapping {unknown}
 q - a scroll of fog {unknown}
Potions
 g - a potion of might {unknown}
 i - a potion of agility {unknown}
 j - a potion of flight {unknown}
Books
 p - a book of Frost

   Spells                             Type                      Level
   a - Freeze                         Ice                          1
   b - Throw Frost                    Conjuration/Ice              2
   c - Ozocubu's Armour               Charms/Ice                   3
   d - Throw Icicle                   Conjuration/Ice              4
   e - Summon Ice Beast               Ice/Summoning                4


   Skills:
 * Level 3.4 Fighting
 * Level 1.5 Armour
 * Level 4.1 Dodging
 * Level 3.9 Stealth
 * Level 5.4 Unarmed Combat


You had 4 spell levels left.
You didn't know any spells.

Dungeon Overview and Level Annotations

Branches:
Dungeon (4/15)
 Temple: D:4-7

Altars:
Sif Muna

Annotations:
D:4 Jano's ghost, amateur FoFi


Innate Abilities, Weirdness & Mutations

You have razor-sharp teeth.
You have supernaturally acute eyesight.
You can survive without breathing.


Message History

You hit the worker ant.
The worker ant is almost dead.
The worker ant barely misses you.
You feel sick.
The worker ant bites you but does no damage.
You feel sick.
You hit the worker ant but do no damage.
The worker ant is almost dead.
You feel sick.
The worker ant bites you but does no damage.
Jano's ghost hits you but does no damage.
Your chain mail prevents you from hitting the worker ant.
You bite the worker ant, but do no damage.
The worker ant is almost dead.
The worker ant bites you.
* * * LOW HITPOINT WARNING * * *
You hit the worker ant.
The worker ant is almost dead.
You feel sick. Jano's ghost hits you!
You die...

......... #...#
......... #...#
........# #### #...#
........##.......##÷..#
#.[..............#<...#
#.......##.......#....#
###.....##.......#....#
##..Wa##.......##...#
#...@##.......##...#
#####.#.......#....#
#<'.......#....#
#.#.....†.#....#
###.......#....#
#.......#....#
#.......##...#
##.......##...#
..........#...#


You could see a worker ant and Jano's ghost.

Vanquished Creatures
  Jessica (D:2)
  A worker ant (D:4)
  Robin (D:3)
  5 adders
  An adder zombie (D:2)
  A worm (D:2)
  A dart slug (D:1)
  4 giant geckos
  3 orcs (D:3)
  7 bats
  2 bat zombies (D:2)
  A giant cockroach (D:2)
  8 goblins
  6 hobgoblins
  4 jackals (D:3)
  2 ball pythons (D:1)
  A giant gecko skeleton (D:2)
  3 giant newts
  7 kobolds
  5 rats
64 creatures vanquished.

Notes
Turn   | Place    | Note
--------------------------------------------------------------
     0 | D:1      | Lovchig the Vampire Monk began the quest for the Orb.
     0 | D:1      | Reached XP level 1. HP: 17/17 MP: 1/1
   132 | D:1      | Reached XP level 2. HP: 19/23 MP: 2/2
   917 | D:2      | Reached XP level 3. HP: 29/29 MP: 3/3
  1127 | D:2      | Noticed Jessica
  1134 | D:2      | Killed Jessica
  1134 | D:2      | Reached skill level 5 in Unarmed Combat
  1134 | D:2      | Reached XP level 4. HP: 35/35 MP: 4/4
  1770 | D:3      | Noticed Robin
  1793 | D:3      | Killed Robin
  2002 | D:3      | Reached skill level 1 in Armour
  2090 | D:3      | Found a deep blue altar of Sif Muna.
  2492 | D:3      | Reached XP level 5. HP: 39/41 MP: 5/5
  2654 | D:4      | Noticed Jano's ghost (amateur FoFi)
  2671 | D:4      | Slain by Jano's ghost

Vault maps used:
D:1:      ncdulo_lavacross, grunt_decor_one_mirror
D:2:      first_bread, serial_undead, serial_undead_c, serial_undead_b,
          serial_undead_c, serial_undead_f, serial_undead_f, serial_undead_d,
          serial_undead_c, uniq_jessica
D:3:      lemuel_blue_sif_altar, uniq_robin
D:4:      grunt_temple_overflow_open, temple_fountains,
          nicolae_tso_swordbearing_angel

Skill      XL: |  1  2  3  4 |
---------------+-------------+-----
Fighting       | 3 |  3.4
Dodging        | 4 |  4.1
Unarmed Combat | 5 |  5.4
Armour         | 1 |  1.5
Stealth        | |  3.9

Action                   |  1- 3 |  4- 6 || total
-------------------------+-------+-------++-------
Melee: Unarmed           |   130 |   143 ||   273
       Bite              |    11 |    18 ||    29
       Punch             |       |     2 ||     2
 Stab: Sleeping          |     1 |       ||     1
  Eat: Corpse            |     4 |     6 ||    10
Armor: Chain mail        |    78 |    98 ||   176
       Robe              |     4 |       ||     4
Dodge: Dodged            |    50 |    53 ||   103
